 Dungeon Crawl Stone Soup version 0.21.1-1-g345015fe64 (webtiles) character file.

201 Ivernyr the Bolt Thrower (level 5, 46/46 HPs)
             Began as a Deep Dwarf Arcane Marksman on May 30, 2018.
             Quit the game on level 4 of the Dungeon.
             The game lasted 00:12:48 (2604 turns).

Ivernyr the Bolt Thrower (DDAM)                     Turns: 2604, Time: 00:12:49

Health: 46/46      AC:  6    Str: 14    XL:     5   Next: 50%
Magic:  3/3        EV: 11    Int: 13    God:
Gold:   149        SH:  0    Dex: 14    Spells: 5/6 levels left

rFire    + . .     SeeInvis .   b - +0 whip
rCold    + . .     Gourm    .   (no shield)
rNeg     . . .     Faith    .   l - +0 ring mail
rPois    .         Spirit   .   o - +0 helmet
rElec    .         Reflect  .   p - scarf {rC+ rF+}
rCorr    .         Harm     .   (no gloves)
MR       .....                  (no boots)
Stlth    ..........             (no amulet)
HPRegen  0.00/turn              j - ring of loudness (curse)
MPRegen  0.08/turn              (no ring)

@: non-regenerating
A: damage resistance, heal wounds, sense surroundings 1, no regeneration
a: Heal Wounds


You were on level 4 of the Dungeon.
You were very hungry.

You visited 1 branch of the dungeon, and saw 4 of its levels.

You collected 149 gold pieces.

Inventory:

Hand Weapons
 a - a +0 hand crossbow
 b - a +0 whip (weapon)
Missiles
 d - 16 bolts
Armour
 l - a +0 ring mail (worn)
 o - a +0 helmet (worn)
 p - a scarf of resistance (worn)
Jewellery
 j - a cursed ring of loudness (left hand)
Scrolls
 e - a scroll of enchant weapon {unknown}
 n - a scroll of remove curse {unknown}
 s - 2 scrolls of immolation {unknown}
 t - 2 scrolls of amnesia {unknown}
 u - a scroll of teleportation {unknown}
 v - a scroll of fear {unknown}
 x - a scroll of magic mapping {unknown}
Potions
 g - 3 potions of lignification
 h - 2 potions of brilliance {unknown}
 i - 3 potions of heal wounds {unknown}
 k - a potion of flight {unknown}
 m - a potion of might {unknown}
 q - a potion of degeneration {unknown}
 r - 3 potions of curing {unknown}
Books
 c - a book of Debilitation

   Spells                             Type                      Level
   a - Corona                         Hexes                        1
   b - Slow                           Hexes                        2
   c - Inner Flame                    Hexes/Fire                   3
   d - Portal Projectile              Hexes/Translocation          3
   e - Cause Fear                     Hexes                        4
   f - Leda's Liquefaction            Hexes/Earth                  4
Comestibles
 f - 8 rations


   Skills:
 + Level 2.5 Fighting
 * Level 4.7 Crossbows
 + Level 2.6 Armour
 - Level 2.1 Dodging
 - Level 1.0 Spellcasting
 - Level 2.4 Hexes


You had 5 spell levels left.
You knew the following spells:

 Your Spells              Type           Power        Failure   Level  Hunger
a - Corona                Hex            #......      21%         1    ##.....


Dungeon Overview and Level Annotations

Branches:
Dungeon (4/15)
 Temple: D:4-7

Altars:
Sif Muna

Annotations:
D:3 Blork the orc


Innate Abilities, Weirdness & Mutations

You are resistant to damage.
You can heal yourself by infusing magical energy.
You passively map a small area around you.
You do not regenerate.


Message History

You hit the ooze.
The ooze is severely wounded.
The ooze hits you but does no damage.
You barely miss the ooze.
The ooze is severely wounded.
The ooze hits you but does no damage. The ooze hits you.
You hit the ooze.
You kill the ooze!
The phantom blinks!
The phantom blinks!
The phantom blinks!
The phantom barely misses you.
The phantom blinks!
The phantom blinks!
Found an escape hatch in the ceiling.
The phantom blinks!
The phantom blinks!
Your magical essence is drained by the effort!
You feel much better.
Are you sure you want to abandon this character and quit the game? (Confirm with "yes".)

* .., .# * * ##### ###### .#
#...# #....# .# * * #...#
#....######.# #* ######...##
#....+,.....###...
..........###....####.........
,
................@.........(...
<####...#.##.......#..........
,
....>.#.#.##......<#........<.
.######.#.##.......#..........
..†.....#+###'#'#.............
*
.#####.....##......##.........
*
<.)........++........#+####...
###........##........# ...
,+........+..##.....# ,


There were no monsters in sight!

Vanquished Creatures
  A hound (D:4)
  An orc wizard (D:4)
  A worker ant (D:4)
  5 adders
  An ooze (D:4)
  3 worms
  2 dart slugs (D:1)
  4 leopard geckos
  2 orcs (D:4)
  2 bats
  A giant cockroach (D:3)
  6 goblins
  10 hobgoblins
  A quokka (D:4)
  7 frilled lizards
  3 kobolds
  6 rats
56 creatures vanquished.

Vanquished Creatures (others)
  A hobgoblin (D:1)
1 creature vanquished.

Grand Total: 57 creatures vanquished

Notes
Turn   | Place    | Note
-------+----------+-------------------------------------------
     0 | D:1      | Ivernyr the Deep Dwarf Arcane Marksman began the quest for the Orb.
     0 | D:1      | Reached XP level 1. HP: 16/16 MP: 2/2
   130 | D:1      | Reached skill level 1 in Fighting
   339 | D:1      | Reached XP level 2. HP: 12/25 MP: 3/3
  1017 | D:2      | Reached skill level 1 in Armour
  1043 | D:2      | Reached skill level 3 in Crossbows
  1141 | D:2      | Reached XP level 3. HP: 22/31 MP: 4/4
  1704 | D:3      | Reached XP level 4. HP: 12/39 MP: 5/5
  1794 | D:3      | Reached skill level 4 in Crossbows
  2021 | D:3      | Noticed Blork the orc
  2029 | D:3      | Found a deep blue altar of Sif Muna.
  2259 | D:4      | Noticed a phantom
  2272 | D:4      | Noticed an ogre
  2285 | D:4      | Reached XP level 5. HP: 9/46 MP: 5/5
  2399 | D:4      | HP: 2/46 [phantom (2)]
  2604 | D:4      | Quit the game

Skill      XL: |  1  2  3  4 |
---------------+-------------+-----
Fighting       | 1 2 |  2.5
Armour         | 1 2 |  2.6
Crossbows      | 3 4 |  4.7
Dodging        | |  2.1
Spellcasting   | |  1.0
Hexes          | |  2.4

Action                   |  1- 3 |  4- 6 || total
-------------------------+-------+-------++-------
Melee: Unarmed           |    83 |       ||    83
       Whip              |   128 |   265 ||   393
 Fire: Hand crossbow     |     6 |     3 ||     9
 Abil: Heal Wounds       |     1 |    10 ||    11
  Use: Potion            |       |     1 ||     1
  Eat: Chunk             |     2 |     3 ||     5
Armor: Ring mail         |    69 |   108 ||   177
Dodge: Dodged            |   136 |   143 ||   279
